MID
WEST MICHIGAN WHITECAPS @ LANSING LUGNUTS
08/18/2099
 
TOP OF THE 1ST
West Michigan Whitecaps batting - Pitching for Lansing Lugnuts : RHP Tim Dorsey
Pitching: RHP Tim Dorsey
Batting: RHB Quincy Behan 0-0: Called Strike
0-1: Called Strike
0-2: Ball
1-2: SINGLE (Line Drive, 89S, EV 103.8 MPH)
Batting: RHB Juan Camargo 0-0: Bunted foul
0-1: Ball
Wild Pitch!
Quincy Behan to second
1-1: Sac Bunt to 15S - play at first, batter OUT! 1-4
Quincy Behan to third
Batting: LHB Chris Visser 0-0: Called Strike
0-1: Ground out 4-3 (Groundball, 4S, EV 85.0 MPH)
Quincy Behan scores
Batting: SHB Casey Jones 0-0: Ball
1-0: Foul Ball, location: 23F
1-1: Ground out 4-3 (Groundball, 4, EV 86.3 MPH)
Top of the 1st over - 1 run, 1 hit, 0 errors, 0 left on base; West Michigan 1 - Lansing 0
BOTTOM OF THE 1ST
Lansing Lugnuts batting - Pitching for West Michigan Whitecaps : RHP Jonathan Dooley
Pitching: RHP Jonathan Dooley
Batting: LHB Hugh McPhearson 0-0: Fly out, F8 (Flyball, 8RS, EV 87.5 MPH)
Batting: SHB Miguel Dominguez 0-0: Called Strike
0-1: Swinging Strike
0-2: Strikes out swinging
Batting: LHB Jon Kuduk 0-0: Called Strike
0-1: Ball
1-1: Foul Ball, location: 23F
1-2: Ball
2-2: Fly out, F8 (Flyball, 8LM, EV 81.3 MPH)
Bottom of the 1st over - 0 runs, 0 hits, 0 errors, 0 left on base; West Michigan 1 - Lansing 0
TOP OF THE 2ND
West Michigan Whitecaps batting - Pitching for Lansing Lugnuts : RHP Tim Dorsey
Batting: RHB Nate Deichler 0-0: Fly out, F7 (Flyball, 7S, EV 90.6 MPH)
Batting: SHB Chris Shapiro 0-0: Called Strike
0-1: Foul Ball, location: 7LSF
0-2: Foul Ball, location: 7LDF
0-2: Ball
1-2: Ball
2-2: Foul Ball, location: 7LSF
2-2: Foul Ball, location: 7LDF
2-2: Strikes out swinging
Batting: RHB Scott Reech 0-0: Called Strike
0-1: Foul Ball, location: 9LDF
0-2: Fly out, F9 (Flyball, 9LM, EV 101.9 MPH)
Top of the 2nd over - 0 runs, 0 hits, 0 errors, 0 left on base; West Michigan 1 - Lansing 0
BOTTOM OF THE 2ND
Lansing Lugnuts batting - Pitching for West Michigan Whitecaps : RHP Jonathan Dooley
Batting: RHB Jason McLaughlin 0-0: Called Strike
0-1: Called Strike
0-2: Ball
1-2: Ground out 5-3 (Groundball, 5, EV 89.4 MPH)
Batting: LHB Danny Crane 0-0: Ball
1-0: Ball
2-0: Ball
3-0: Base on Balls
Batting: RHB Angel Contreras 0-0: Ball
1-0: Called Strike
1-1: Foul Ball, location: 25FF
1-2: Strikes out swinging
Batting: LHB Alex Rangel 0-0: Called Strike
0-1: Ball
1-1: Ground out 4-3 (Groundball, 4, EV 93.1 MPH)
Bottom of the 2nd over - 0 runs, 0 hits, 0 errors, 1 left on base; West Michigan 1 - Lansing 0
TOP OF THE 3RD
West Michigan Whitecaps batting - Pitching for Lansing Lugnuts : RHP Tim Dorsey
Batting: RHB Alamen Jodlowski 0-0: Ball
1-0: Called Strike
1-1: Swinging Strike
1-2: Ball
2-2: Strikes out swinging
Batting: RHB Erik Campbell 0-0: Called Strike
0-1: Called Strike
0-2: Ground out 3-1 (Groundball, 34, EV 78.8 MPH)
Batting: RHB Quincy Behan 0-0: Ball
1-0: Fly out, F8 (Flyball, 8LM, EV 98.8 MPH)
Top of the 3rd over - 0 runs, 0 hits, 0 errors, 0 left on base; West Michigan 1 - Lansing 0
BOTTOM OF THE 3RD
Lansing Lugnuts batting - Pitching for West Michigan Whitecaps : RHP Jonathan Dooley
Batting: LHB Will Houle 0-0: Ball
1-0: Fly out, F3 (Popup, 23F, EV 86.3 MPH)
Batting: RHB Ryan Humphreys 0-0: Ball
1-0: Fly out, F7 (Flyball, 7LD, EV 81.9 MPH)
Batting: LHB Hugh McPhearson 0-0: Swinging Strike
0-1: Ball
1-1: Ball
2-1: Ground out U3 (Groundball, 3L, EV 65.6 MPH)
Bottom of the 3rd over - 0 runs, 0 hits, 0 errors, 0 left on base; West Michigan 1 - Lansing 0
TOP OF THE 4TH
West Michigan Whitecaps batting - Pitching for Lansing Lugnuts : RHP Tim Dorsey
Batting: RHB Juan Camargo 0-0: Ball
1-0: Foul Ball, location: 5F
1-1: Ball
2-1: Foul Ball, location: 2F
2-2: Ground out 6-3 (Groundball, 56D, EV 81.3 MPH)
Batting: LHB Chris Visser 0-0: Called Strike
0-1: Ball
1-1: Swinging Strike
1-2: Foul Ball, location: 3DF
1-2: Ball
2-2: Ground out 1-3 (Groundball, 13, EV 69.4 MPH)
Batting: SHB Casey Jones 0-0: DOUBLE (Line Drive, 89XD, EV 106.9 MPH)
Batting: RHB Nate Deichler 0-0: Called Strike
0-1: Ball
1-1: Ball
2-1: Called Strike
2-2: Foul Ball, location: 7LSF
2-2: Strikes out swinging
Top of the 4th over - 0 runs, 1 hit, 0 errors, 1 left on base; West Michigan 1 - Lansing 0
BOTTOM OF THE 4TH
Lansing Lugnuts batting - Pitching for West Michigan Whitecaps : RHP Jonathan Dooley
Batting: SHB Miguel Dominguez 0-0: Foul Ball, location: 2F
0-1: Ball
1-1: SINGLE (Line Drive, 89S, EV 110.0 MPH)
Batting: LHB Jon Kuduk 0-0: Ball
1-0: Foul Ball, location: 2F
1-1: Ball
2-1: Fly out, F7 (Flyball, 78S, EV 86.3 MPH)
Batting: RHB Jason McLaughlin 0-0: Called Strike
0-1: Ball
1-1: Fielders Choice at 2nd, 4-6 (Groundball, 4MD, EV 98.1 MPH)
Batting: LHB Danny Crane 0-0: Called Strike
0-1: Called Strike
0-2: Ball
1-2: Ball
2-2: Ground out 5-3 (Groundball, 56D, EV 97.5 MPH)
Bottom of the 4th over - 0 runs, 1 hit, 0 errors, 1 left on base; West Michigan 1 - Lansing 0
TOP OF THE 5TH
West Michigan Whitecaps batting - Pitching for Lansing Lugnuts : RHP Tim Dorsey
Batting: SHB Chris Shapiro 0-0: Ball
1-0: Called Strike
1-1: Ball
2-1: Ball
3-1: Foul Ball, location: 2F
3-2: Foul Ball, location: 3F
3-2: Foul Ball, location: 9LSF
3-2: Fly out, F7 (Flyball, 7D, EV 101.3 MPH)
Batting: RHB Scott Reech 0-0: Ball
1-0: Foul Ball, location: 9LSF
1-1: Ball
2-1: Ball
3-1: Fly out, F9 (Flyball, 89S, EV 79.4 MPH)
Batting: RHB Alamen Jodlowski 0-0: Ball
1-0: Ball
2-0: Swinging Strike
2-1: Foul Ball, location: 5F
2-2: Ball
3-2: Ground out 3-1 (Groundball, 34S, EV 82.5 MPH)
Top of the 5th over - 0 runs, 0 hits, 0 errors, 0 left on base; West Michigan 1 - Lansing 0
BOTTOM OF THE 5TH
Lansing Lugnuts batting - Pitching for West Michigan Whitecaps : RHP Jonathan Dooley
Batting: RHB Angel Contreras 0-0: Called Strike
0-1: Foul Ball, location: 2F
0-2: Strikes out looking
Batting: LHB Alex Rangel 0-0: Called Strike
0-1: Foul Ball, location: 9LDF
0-2: Foul Ball, location: 2F
0-2: Ball
1-2: Ball
2-2: Ground out 6-3 (Groundball, 6, EV 110.0 MPH)
Batting: LHB Will Houle 0-0: Called Strike
0-1: Foul Ball, location: 3F
0-2: Ball
1-2: Foul Ball, location: 3F
1-2: Foul Ball, location: 7LSF
1-2: Ball
2-2: Ground out 3-1 (Groundball, 34S, EV 90.0 MPH)
Bottom of the 5th over - 0 runs, 0 hits, 0 errors, 0 left on base; West Michigan 1 - Lansing 0
TOP OF THE 6TH
West Michigan Whitecaps batting - Pitching for Lansing Lugnuts : RHP Tim Dorsey
Batting: RHB Erik Campbell 0-0: Called Strike
0-1: Ball
1-1: Fly out, F8 (Flyball, 8LM, EV 86.3 MPH)
Batting: RHB Quincy Behan 0-0: Ball
1-0: SINGLE (Line Drive, 7S, EV 101.9 MPH)
Batting: RHB Juan Camargo 0-0: Ball
1-0: Foul Ball, location: 3FF
1-1: Foul Ball, location: 2F
1-2: Ball
2-2: Strikes out swinging
Batting: LHB Chris Visser 0-0: Swinging Strike
0-1: Called Strike
Quincy Behan steals 2nd base
0-2: Fly out, F3 (Popup, 3SF, EV 90.0 MPH)
Top of the 6th over - 0 runs, 1 hit, 0 errors, 1 left on base; West Michigan 1 - Lansing 0
BOTTOM OF THE 6TH
Lansing Lugnuts batting - Pitching for West Michigan Whitecaps : RHP Jonathan Dooley
Batting: RHB Ryan Humphreys 0-0: SINGLE (Line Drive, 56D, EV 105.6 MPH)
Batting: LHB Hugh McPhearson 0-0: Ball
1-0: Called Strike
1-1: Ball
2-1: Ball
3-1: Called Strike
3-2: Foul Ball, location: 2F
3-2: Foul Ball, location: 2F
3-2: SINGLE (Groundball, 34D, EV 105.0 MPH)
Ryan Humphreys to second
Ryan Humphreys to third
Batting: SHB Miguel Dominguez 0-0: Ball
Hugh McPhearson is caught stealing 2nd base 2-6
1-0: Foul Ball, location: 5F
1-1: Swinging Strike
1-2: Foul Ball, location: 7LDF
1-2: Ball
2-2: SINGLE (Line Drive, 8RS, EV 101.3 MPH)
Ryan Humphreys scores
Batting: LHB Jon Kuduk 0-0: Ball
1-0: Ball
2-0: Ball
Miguel Dominguez is caught stealing 2nd base 2-6
3-0: Called Strike
3-1: Called Strike
3-2: Fly out, F8 (Line Drive, 8RD, EV 95.6 MPH)
Bottom of the 6th over - 1 run, 3 hits, 0 errors, 0 left on base; West Michigan 1 - Lansing 1
TOP OF THE 7TH
West Michigan Whitecaps batting - Pitching for Lansing Lugnuts : RHP Tim Dorsey
Batting: SHB Casey Jones 0-0: Ball
1-0: Ball
2-0: Ground out 4-3 (Groundball, 13, EV 78.8 MPH)
Batting: RHB Nate Deichler 0-0: Ground out 1-3 (Groundball, 34S, EV 67.5 MPH)
Batting: SHB Chris Shapiro 0-0: Ball
1-0: Called Strike
1-1: Ground out 4-3 (Groundball, 4, EV 103.8 MPH)
Top of the 7th over - 0 runs, 0 hits, 0 errors, 0 left on base; West Michigan 1 - Lansing 1
BOTTOM OF THE 7TH
Lansing Lugnuts batting - Pitching for West Michigan Whitecaps : RHP Jonathan Dooley
Batting: RHB Jason McLaughlin 0-0: Foul Ball, location: 2F
0-1: Ball
1-1: Fly out, F4 (Line Drive, 34, EV 67.5 MPH)
Batting: LHB Danny Crane 0-0: SINGLE (Groundball, 6D, EV 103.1 MPH)
Batting: RHB Angel Contreras 0-0: Called Strike
0-1: Ball
1-1: Foul Ball, location: 2F
1-2: Foul Ball, location: 9LSF
1-2: Fly out, F7 (Flyball, 7, EV 93.8 MPH)
Pitching: RHP Carlos Burgos
Batting: LHB Alex Rangel 0-0: Ball
1-0: Foul Ball, location: 3F
1-1: Foul Ball, location: 7LSF
1-2: Foul Ball, location: 7LSF
1-2: Strikes out swinging
Bottom of the 7th over - 0 runs, 1 hit, 0 errors, 1 left on base; West Michigan 1 - Lansing 1
TOP OF THE 8TH
West Michigan Whitecaps batting - Pitching for Lansing Lugnuts : RHP Tim Dorsey
Pitching: RHP Jon Wainio
Pinch Hitting: SHB Ryan Larson 0-0: Ball
1-0: Called Strike
1-1: Foul Ball, location: 7LSF
1-2: Strikes out swinging
Batting: RHB Alamen Jodlowski 0-0: Called Strike
0-1: Swinging Strike
0-2: Strikes out swinging
Batting: RHB Erik Campbell 0-0: Called Strike
0-1: Ball
1-1: Foul Ball, location: 9LDF
1-2: Fly out, F9 (Flyball, 9D, EV 109.4 MPH)
Top of the 8th over - 0 runs, 0 hits, 0 errors, 0 left on base; West Michigan 1 - Lansing 1
BOTTOM OF THE 8TH
Lansing Lugnuts batting - Pitching for West Michigan Whitecaps : RHP Carlos Burgos
Pitching: RHP Jeremy Bard
Now in LF: Ryan Larson
Batting: LHB Will Houle 0-0: Fly out, F7 (Flyball, 78S, EV 85.0 MPH)
Batting: RHB Ryan Humphreys 0-0: Ground out 6-3 (Groundball, 6S, EV 87.5 MPH)
Batting: LHB Hugh McPhearson 0-0: Ball
1-0: Called Strike
1-1: Foul Ball, location: 2F
1-2: Fly out, F7 (Flyball, 7D, EV 103.1 MPH)
Bottom of the 8th over - 0 runs, 0 hits, 0 errors, 0 left on base; West Michigan 1 - Lansing 1
TOP OF THE 9TH
West Michigan Whitecaps batting - Pitching for Lansing Lugnuts : RHP Jon Wainio
Batting: RHB Quincy Behan 0-0: Ball
1-0: Foul Ball, location: 2F
1-1: Ball
2-1: Foul Ball, location: 9LSF
2-2: Ball
3-2: Strikes out swinging
Batting: RHB Juan Camargo 0-0: Foul Ball, location: 3FF
0-1: Called Strike
0-2: Strikes out looking
Batting: LHB Chris Visser 0-0: Ball
1-0: Foul Ball, location: 7LMF
1-1: Swinging Strike
1-2: Ball
2-2: SINGLE (Line Drive, 89S, EV 89.4 MPH)
Batting: SHB Casey Jones 0-0: Called Strike
0-1: Called Strike
0-2: Strikes out swinging
Top of the 9th over - 0 runs, 1 hit, 0 errors, 1 left on base; West Michigan 1 - Lansing 1
BOTTOM OF THE 9TH
Lansing Lugnuts batting - Pitching for West Michigan Whitecaps : RHP Jeremy Bard
Batting: SHB Miguel Dominguez 0-0: Called Strike
0-1: Swinging Strike
0-2: Foul Ball, location: 2F
0-2: Foul Ball, location: 7LSF
0-2: Ground out 4-3 (Groundball, 4S, EV 83.1 MPH)
Batting: LHB Jon Kuduk 0-0: Foul Ball, location: 2F
0-1: Swinging Strike
0-2: Ball
1-2: Ball
2-2: Ball
3-2: Ground out 4-3 (Groundball, 4, EV 102.5 MPH)
Batting: RHB Jason McLaughlin 0-0: Ball
1-0: Called Strike
1-1: Called Strike
1-2: Ball
2-2: Ball
3-2: Strikes out swinging
Bottom of the 9th over - 0 runs, 0 hits, 0 errors, 0 left on base; West Michigan 1 - Lansing 1
TOP OF THE 10TH
West Michigan Whitecaps batting - Pitching for Lansing Lugnuts : RHP Jon Wainio
Casey Jones starts the inning at 2nd base.
Batting: RHB Nate Deichler 0-0: Called Strike
0-1: Ball
1-1: Ball
2-1: Ball
3-1: Foul Ball, location: 5F
3-2: Hit by Pitch
Batting: SHB Chris Shapiro 0-0: Ball
1-0: Ball
2-0: Called Strike
2-1: Ball
3-1: Foul Ball, location: 9LMFF
3-2: Foul Ball, location: 5F
3-2: Base on Balls
Casey Jones to third
Nate Deichler to second
Pitching: RHP Carlos Silverio
Batting: SHB Ryan Larson 0-0: Called Strike
0-1: Swinging Strike
0-2: Ball
1-2: Strikes out swinging
Batting: RHB Alamen Jodlowski 0-0: Ball
1-0: Called Strike
1-1: Swinging Strike
1-2: Ball
2-2: Ball
3-2: Foul Ball, location: 23F
3-2: Foul Ball, location: 5SF
3-2: Grounds into fielders choice 3-2 (Groundball, 34S, EV 85.6 MPH)
Nate Deichler to third
Chris Shapiro to second
Batting: RHB Erik Campbell 0-0: Ball
1-0: Ball
2-0: Foul Ball, location: 9LMF
2-1: Called Strike
2-2: Foul Ball, location: 2F
2-2: Strikes out swinging
Top of the 10th over - 0 runs, 0 hits, 0 errors, 3 left on base; West Michigan 1 - Lansing 1
BOTTOM OF THE 10TH
Lansing Lugnuts batting - Pitching for West Michigan Whitecaps : RHP Jeremy Bard
Jason McLaughlin starts the inning at 2nd base.
Batting: LHB Danny Crane 0-0: Ball
1-0: Called Strike
1-1: Called Strike
1-2: Ball
2-2: Fly out, F7 (Line Drive, 7LM, EV 101.9 MPH)
Batting: RHB Angel Contreras 0-0: Ball
1-0: Swinging Strike
1-1: Ball
2-1: Foul Ball, location: 25F
2-2: Ball
3-2: Foul Ball, location: 2RF
3-2: Base on Balls
Pitching: RHP Matt McGhee
Batting: LHB Alex Rangel 0-0: Grounds into double play, 1-4-3 (Groundball, 15, EV 73.8 MPH)
Bottom of the 10th over - 0 runs, 0 hits, 0 errors, 1 left on base; West Michigan 1 - Lansing 1
TOP OF THE 11TH
West Michigan Whitecaps batting - Pitching for Lansing Lugnuts : RHP Carlos Silverio
Erik Campbell starts the inning at 2nd base.
Batting: RHB Quincy Behan 0-0: Intentional Walk
Batting: RHB Juan Camargo 0-0: Bunted foul
0-1: Ball
1-1: Ball
2-1: Bunted foul
2-2: Ball
3-2: Grounds into double play, 6-4-3 (Groundball, 6, EV 84.4 MPH)
Erik Campbell to third
Batting: LHB Chris Visser 0-0: Foul Ball, location: 23F
0-1: Foul Ball, location: 9LDF
0-2: Ball
1-2: Foul Ball, location: 5FF
1-2: Strikes out looking
Top of the 11th over - 0 runs, 0 hits, 0 errors, 1 left on base; West Michigan 1 - Lansing 1
BOTTOM OF THE 11TH
Lansing Lugnuts batting - Pitching for West Michigan Whitecaps : RHP Matt McGhee
Alex Rangel starts the inning at 2nd base.
Batting: LHB Will Houle 0-0: Intentional Walk
Batting: RHB Ryan Humphreys 0-0: Called Strike
0-1: Ball
1-1: Called Strike
1-2: SINGLE (Line Drive, 78M, EV 93.1 MPH)
Alex Rangel to third
Will Houle to second
Batting: LHB Hugh McPhearson 0-0: Ball
1-0: Called Strike
1-1: Ball
2-1: Fly out, F7 (Flyball, 7, EV 96.9 MPH)
Runner from 3rd tags up, SCORES, throw by LF
Bottom of the 11th over - 1 run, 1 hit, 0 errors, 2 left on base; West Michigan 1 - Lansing 2
Wednesday, May 15th , 2024 - OOTP Baseball 24.11 Build 85